 Dungeon Crawl Stone Soup version 0.30.1-4-g462c640d31 (webtiles) character file.

Game seed: 13723564728645527966

46 spardeous the Conjurer (level 3, 0/26 HPs)
             Began as a Demigod Conjurer on Aug 10, 2023.
             Slain by a scorpion (5 damage)
             ... on level 3 of the Dungeon.
             The game lasted 00:02:44 (1822 turns).

spardeous the Conjurer (Demigod Conjurer)           Turns: 1822, Time: 00:02:45

Health: 0/26       AC:  3    Str:  8    XL:     3   Next: 27%
Magic:  4/9        EV: 12    Int: 24    God:
Gold:   81         SH:  0    Dex: 12    Spells: 6/7 levels left

rFire   . . .        (no weapon)
rCold   . . .        (no shield)
rNeg    . . .        a - +0 robe
rPois   .            k - +0 helmet
rElec   .            (no cloak)
rCorr   .            (no gloves)
SInv    .            (no boots)
Will    .....        (no amulet)
Stlth   ++           (no ring)
HPRegen 0.24/turn    (no ring)
MPRegen 0.11/turn

%: no passive effects
@: no status effects
A: high MP 1, forlorn, divine attributes
a: no special abilities


You were on level 3 of the Dungeon.
You visited 1 branch of the dungeon, and saw 3 of its levels.

You collected 81 gold pieces.

Inventory:

Armour
 a - a +0 robe (worn)
 k - a +0 helmet (worn)
Jewellery
 l - an amulet of magic regeneration
Scrolls
 c - a scroll of noise {unknown}
 d - 2 scrolls of poison {unknown}
 f - a scroll of fear {unknown}
 g - a scroll of brand weapon {unknown}
 h - 3 scrolls of identify {unknown}
 i - a scroll of enchant weapon {unknown}
 j - a scroll of torment {unknown}
Potions
 b - a potion of magic


   Skills:
 - Level 1.7 Dodging
 - Level 1.7 Stealth
 + Level 2.6 Spellcasting
 + Level 4.2 Conjurations


You had 6 spell levels left.
You knew the following spells:

 Your Spells              Type           Power      Damage    Failure   Level
a - Magic Dart            Conj           92%        1d7       1%          1

Your spell library contained the following spells:

 Spells                   Type           Power      Damage    Failure   Level
 Searing Ray              Conj           46%        2d6       3%          2
 Sandblast                Erth           6%         2d5       12%         1
 Dazzling Flash           Conj/Hex       26%        N/A       14%         3
 Stone Arrow              Conj/Erth      26%        3d8       14%         3
 Passwall                 Tmut/Erth      2%         N/A       17%         2
 Fulminant Prism          Conj/Hex       6%         3d7       43%         4
 Iskenderun's Mystic Bla  Conj/Tloc      13%        2d5       43%         4


Dungeon Overview and Level Annotations

Branches:
Dungeon (3/15)


Innate Abilities, Weirdness & Mutations

You have an increased reservoir of magic. (+10% MP)
You shall have no god before yourself.
Your divine heritage dramatically boosts your attributes as you level up.


Message History

You enter a dispersal trap!
You blink.
The scorpion attacks as you move away! The scorpion barely misses you. x2
The scorpion attacks as you move away! The scorpion closely misses you.
The scorpion misses you.
There is a stone staircase leading down here.
The scorpion barely misses you.
You climb downwards.
Found a scroll labelled DINEGRUIVE.
There is a stone staircase leading up here.
Casting: Magic Dart (safe; 1% risk of failure)
Confirm with . or Enter, or press ? or * to list all spells.
Okay, then.
Memorise Searing Ray, consuming 2 spell levels and leaving 4?
The scorpion stings you.
Your memorisation is interrupted.
* * * LOW HITPOINT WARNING * * *
You take 4 damage, and have 5/26 hp.
Memorise Searing Ray, consuming 2 spell levels and leaving 4?
The scorpion closely misses you.
You start memorising the spell.
You continue memorising.
The scorpion barely misses you.
You continue memorising.
The scorpion stings you but does no damage.
Your memorisation is interrupted.
The scorpion stings you but does no damage.
Unknown command.
Memorise Searing Ray, consuming 2 spell levels and leaving 4?
The scorpion closely misses you.
You start memorising the spell.
You continue memorising.
The scorpion stings you.
Your memorisation is interrupted.
* * * LOW HITPOINT WARNING * * *
Unknown command.
Casting: Magic Dart (safe; 1% risk of failure)
Confirm with . or Enter, or press ? or * to list all spells.
Aiming: Magic Dart (safe; 1% risk of failure)
Press: ? - help, Shift-Dir - straight line, f - scorpion
Aim: a scorpion (lightly wounded, 100% to hit)
The magic dart hits the scorpion but does no damage.
The scorpion is lightly wounded.
The scorpion stings you.
You die...

#.#
#.#
#.#
#.#
#.#
#.#
#s#
#@#
###


You could see a scorpion.

Vanquished Creatures
  An adder (D:2)
  A dart slug (D:1)
  2 ball pythons (D:2)
  5 endoplasms (D:1)
  3 giant cockroaches
  4 goblins (D:1)
  3 hobgoblins
  3 jackals (D:1)
  A kobold (D:1)
  A quokka (D:1)
  A frilled lizard (D:1)
  6 rats (D:1)
31 creatures vanquished.

Notes
Turn   | Place    | Note
-------+----------+-------------------------------------------
     0 | D:1      | spardeous the Demigod Conjurer began the quest for the Orb.
     0 | D:1      | Reached XP level 1. HP: 14/14 MP: 5/5
   313 | D:1      | Reached XP level 2. HP: 20/20 MP: 1/7
   585 | D:1      | Reached skill level 4 in Conjurations
  1317 | D:2      | Reached XP level 3. HP: 26/26 MP: 5/9
  1773 | D:2      | Noticed a scorpion
  1822 | D:3      | Slain by a scorpion

Illustrated notes

Levels and vault maps discovered:
D:1:      lemuel_arrival_room, layout_loops_ring
D:2:      layout_basic, serial_shops, shop, shapermc_ecumenical_altar_petra,
          uniq_jessica
D:3:      layout_basic, nicolae_hepliaklqana_hazy_memory

Skill      XL: |  1  2 |
---------------+-------+-----
Spellcasting   | 2 |  2.6
Conjurations   | 4 |  4.2
Dodging        | |  1.7
Stealth        | |  1.7

Action                     || total
---------------------------++-------
   Cast: Magic Dart        ||    77
    Use: Potion            ||     2
 Armour: Robe              ||     5
  Dodge: Dodged            ||    21
